 Dungeon Crawl Stone Soup version 0.31-a0-774-g0d66cbabe8 (webtiles) character file.

Game seed: 10014832638558993586

1429 Shayle the Trooper (level 8, -4/87 HPs)
             Began as an Ogre Hexslinger on Sept 17, 2023.
             Was an Initiate of Gozag.
             Killed from afar by an orc wizard (8 damage)
             ... with a puff of flame
             ... on level 5 of the Dungeon.
             The game lasted 00:19:12 (5623 turns).

Shayle the Trooper (Ogre Hexslinger)                Turns: 5623, Time: 00:19:14

Health: -4/87      AC:  4    Str: 11 (13) XL:     8   Next: 73%
Magic:  17/17      EV: 10    Int: 15 (16) God:    Gozag
Gold:   305        SH:  0    Dex: 11      Spells: 15/19 levels left

rFire   . . .        n - +3 club (spect)
rCold   . . .        (no shield)
rNeg    . . .        c - +1 robe
rPois   +            (helmet restricted)
rElec   .            (no cloak)
rCorr   .            (gloves unavailable)
SInv    .            (boots unavailable)
Will    .....        (no amulet)
Stlth   +            b - ring of poison resistance
HPRegen 0.34/turn    (no ring)
MPRegen 0.15/turn

%: no passive effects
@: mighty
A: large, unfitting armour, tough skin 1
a: Renounce Religion, Potion Petition, Call Merchant, Bribe Branch


You were on level 5 of the Dungeon.
You worshipped Gozag.
Gozag was aware of your devotion.
You visited 2 branches of the dungeon, and saw 6 of its levels.

You collected 369 gold pieces.
You paid 64 gold pieces to Gozag.

Inventory:

Hand Weapons
 g - a +3 sling
 h - a +0 scythe of flaming
 m - a +5 flail
 n - a +3 spectral club (weapon)
 q - a +2 short sword of protection
Armour
 a - a scarf of invisibility
 c - a +1 robe (worn)
Jewellery
 b - a ring of poison resistance (left hand)
Wands
 k - a wand of roots (3)
Scrolls
 f - a scroll of blinking
 i - a scroll of teleportation
 l - a scroll of identify
 p - 2 scrolls of enchant weapon
Potions
 d - a potion of enlightenment
 e - a potion of might


   Skills:
 + Level 7.5 Fighting
 + Level 4.4 Ranged Weapons
 - Level 1.7 Dodging
 + Level 6.1 Spellcasting
 - Level 2.6 Hexes
 + Level 2.0 Translocations
 + Level 2.4 Fire Magic


You had 15 spell levels left.
You knew the following spells:

 Your Spells              Type           Power      Damage    Failure   Level
a - Jinxbite              Hex            24%        N/A       8%          2
b - Blink                 Tloc           20%        N/A       10%         2

Your spell library contained the following spells:

 Spells                   Type           Power      Damage    Failure   Level
 Kiss of Death            Conj/Necr      16%        2d6       14%         1
 Confusing Touch          Hex            12%        N/A       14%         3
 Sigil of Binding         Hex            12%        N/A       14%         3
 Inner Flame              Hex/Fire       12%        N/A       16%         3
 Cause Fear               Hex            6%         N/A       43%         4
 Dimensional Bullseye     Hex/Tloc       5%         N/A       50%         4
 Manifold Assault         Tloc           10%        N/A       52%         4
 Dispel Undead            Necr           4%         3d7       82%         4


Dungeon Overview and Level Annotations

Branches:
Dungeon (5/15)             Temple (1/1) D:5

Altars:
Ashenzari
Cheibriados
Elyvilon
Fedhas
Gozag
Hepliaklqana
Kikubaaqudgha
Makhleb
Nemelex Xobeh
Okawaru
Qazlal
Ru
Sif Muna
Trog
Uskayaw
Vehumet
Yredelemnul
The Shining One

Annotations:
D:4 1 runed translucent door, Crazy Yiuf, Menkaure


Innate Abilities, Weirdness & Mutations

You are too large for most types of armour.
You have tough skin. (AC +1)


Message History

A magic dart appears from out of thin air!
The magic dart hits you!
* * * LOW HITPOINT WARNING * * *
Something hits you but does no damage. Something completely misses you.
You barely miss something.
Your +3 spectral club misses something.
Something hits you.
* * * LOW HITPOINT WARNING * * *
Something hits you.
* * * LOW HITPOINT WARNING * * *
You hear some strange, mumbled words.
A magic dart appears from out of thin air!
The magic dart hits you.
* * * LOW HITPOINT WARNING * * *
You miss something.
Your +3 spectral club closely misses something.
Something hits you but does no damage. Something hits you.
* * * LOW HITPOINT WARNING * * *
Unknown command.
You feel very mighty all of a sudden.
Your +3 spectral club disappears.
Something hits you.
* * * LOW HITPOINT WARNING * * *
Something hits you but does no damage.
Unknown command.
You closely miss something.
Your +3 spectral club closely misses something.
Something hits you.
* * * LOW HITPOINT WARNING * * *
Something hits you.
* * * LOW HITPOINT WARNING * * *
Unknown command.
You completely miss something.
Your +3 spectral club misses something.
An orc wizard appears from thin air!
Reactivating autopickup.
You hear some strange, mumbled words.
A puff of flame appears from out of thin air!
Deactivating autopickup; reactivate with Ctrl-A.
The puff of flame hits you!
You die...
Your body crumbles into a pile of gold.

#....# #.......................
#.##.# #.[................#....
###.##.###....... #.........#....
...............# #.........#....
........#......####.........#...#
......$.#....#..............##.##
.?......#...h######........###.#
............## ###..........##.#
........##?#####@(..........##.#
[..:....##.....{o#....<..)...#.##
........##..#....................
........##..#...............###..
####.....).[.....................
#........#.............#).....
##....####.........#####......
#..:.# #.........# #...... ######
########### #.<..).


You could see an orc wizard and a friendly +3 spectral club.

Vanquished Creatures
  Grinder (D:3)
  Sigmund (D:3)
  A black bear (D:4)
  An ogre (D:5)
  2 phantoms
  2 scorpions
  A hound (D:4)
  A jelly (D:5)
  2 orc priests
  Jessica (D:3)
  Terence (D:3)
  5 iguanas
  4 orc wizards
  Robin (D:3)
  3 adders
  7 gnolls
  2 worms
  2 dart slugs (D:1)
  20 orcs
  6 endoplasms
  2 giant cockroaches
  18 goblins
  7 hobgoblins
  4 jackals (D:2)
  9 kobolds
  4 quokkas
  8 ball pythons
  12 bats
  3 frilled lizards
  3 rats (D:1)
134 creatures vanquished.

Notes
Turn   | Place    | Note
-------+----------+-------------------------------------------
     0 | D:1      | Shayle the Ogre Hexslinger began the quest for the Orb.
     0 | D:1      | Reached XP level 1. HP: 19/19 MP: 2/2
    75 | D:1      | Reached XP level 2. HP: 28/28 MP: 4/4
    92 | D:1      | Reached skill level 2 in Fighting
   127 | D:1      | Found a faded altar of an unknown god.
   275 | D:1      | Reached XP level 3. HP: 36/36 MP: 6/6
   839 | D:2      | Reached skill level 3 in Fighting
   927 | D:2      | Reached XP level 4. HP: 45/45 MP: 7/7
  1109 | D:2      | You fall into a shaft and drop 2 floors!
  1257 | D:3      | Noticed Sigmund
  1438 | D:3      | Reached XP level 5. HP: 54/54 MP: 9/9
  1573 | D:3      | Reached skill level 4 in Fighting
  1580 | D:3      | Noticed Jessica
  1581 | D:3      | Noticed Terence
  1736 | D:3      | Killed Jessica
  1758 | D:3      | Noticed Robin
  1834 | D:3      | Killed Robin
  1835 | D:3      | Reached XP level 6. HP: 18/63 MP: 11/11
  2013 | D:3      | Noticed Grinder
  2169 | D:3      | Paralysed by Grinder for 5 turns
  2188 | D:3      | Killed Grinder
  2189 | D:3      | Reached skill level 5 in Fighting
  2189 | D:3      | Reached XP level 7. HP: 33/72 MP: 11/13
  2377 | D:3      | Killed Sigmund
  2729 | D:3      | Killed Terence
  2730 | D:3      | Reached skill level 6 in Fighting
  3016 | D:3      | Reached skill level 5 in Spellcasting
  3637 | D:4      | Found a runed translucent door.
  3638 | D:4      | Noticed Crazy Yiuf
  3661 | D:4      | Learned a level 2 spell: Jinxbite
  3664 | D:4      | Learned a level 2 spell: Blink
  3675 | D:4      | Noticed Menkaure
  3722 | D:5      | Entered Level 5 of the Dungeon
  4098 | D:5      | Found a staircase to the Ecumenical Temple.
  4106 | Temple   | Entered the Ecumenical Temple
  4134 | Temple   | Became a worshipper of Gozag Ym Sagoz the Greedy
  4160 | D:5      | Reached skill level 1 in Fire Magic
  4220 | Temple   | Reached XP level 8. HP: 62/84 MP: 16/16
  4598 | D:5      | Reached skill level 1 in Translocations
  4688 | D:5      | Reached skill level 7 in Fighting
  5622 | D:5      | HP: 4/87 [something (2)]
  5623 | D:5      | Killed from afar by an orc wizard

Illustrated notes

Levels and vault maps discovered:
D:1:      amcnicky_arrival_single_pillar, layout_basic,
          ebering_ecumenical_altar_abandoned
D:2:      layout_basic
D:3:      layout_loops_ring, uniq_sigmund, uniq_grinder, uniq_terence,
          uniq_jessica, uniq_robin
D:4:      wander_river, layout_cave_pools, uniq_crazy_yiuf_cottage,
          uniq_menkaure, uniq_duvessa
D:5:      layout_rooms, mainiacjoe_overflow_alcove_2,
          nicolae_overflow_hidden_temple, minmay_temple_entry_steel_oval
Temple:   mainiacjoe_temple_bowtie_tessellation

Skill      XL: |  1  2  3  4  5  6  7  8 |
---------------+-------------------------+-----
Fighting       | 2 3 4 5 6 7 |  7.5
Spellcasting   | 2 3 4 5 6 |  6.1
Ranged Weapons | 2 3 4 |  4.4
Fire Magic     | 1 2 |  2.4
Translocations | 2 |  2.0
Dodging        | |  1.7
Hexes          | |  2.6

Action                     |  1- 3 |  4- 6 |  7- 9 || total
---------------------------+-------+-------+-------++-------
  Melee: Club              |       |    36 |   158 ||   194
         Sling             |       |       |     6 ||     6
   Fire: Sling             |    87 |   112 |    93 ||   292
   Cast: Jinxbite          |       |       |     1 ||     1
  Evoke: Wand              |       |       |     4 ||     4
    Use: Scroll            |       |     3 |     7 ||    10
         Potion            |       |     3 |     5 ||     8
   Stab: Sleeping          |       |       |     1 ||     1
 Armour: Robe              |    20 |    82 |   270 ||   372
  Dodge: Dodged            |    18 |    67 |   126 ||   211

Table legend: (Time is in decaauts)
 A = Elapsed time spent in this place.
 B = Non-inter-level travel time spent in this place.
 C = Inter-level travel time spent in this place.
 D = Time resting spent in this place.
 E = Time spent auto-exploring this place.
 F = Levels seen in this place.
 G = Mean time per level.
                   A        B        C        D        E       F      G
               +--------+--------+--------+--------+--------+-----+--------+
         Total |   5732 |   5567 |    165 |   1459 |   2604 |   6 |  955.3 |
       Dungeon |   5367 |   5237 |    130 |   1214 |   2601 |   5 | 1073.4 |
        Temple |    365 |    330 |     35 |    245 |      3 |   1 |  365.0 |
               +--------+--------+--------+--------+--------+-----+--------+

Top non-repeatable levels by time:
     D:3: 2012 daAuts
     D:4: 1223 daAuts
     D:5: 851 daAuts
     D:1: 640 daAuts
     D:2: 638 daAuts
  Temple: 365 daAuts
